 Dungeon Crawl Stone Soup version 0.31.0-4-g52a2dc7128 (webtiles) character file.

Game seed: 530067133477145488

3853427 Bobbunny the Conqueror (level 27, 249/249 HPs)
             Began as a Formicid Fighter on Jan 22, 2024.
             Was the Champion of Okawaru.
             Escaped with the Orb
             ... and 6 runes on Jan 23, 2024!
             The game lasted 04:31:04 (82574 turns).

Bobbunny the Conqueror (Formicid Fighter)          Turns: 82574, Time: 04:31:06

Health: 249/249    AC: 43    Str: 29    XL:     27
Magic:  34/34      EV: 18    Int: 18    God:    Okawaru [******]
Gold:   9411       SH: 28    Dex: 14    Spells: 26/26 levels left

rFire   + + .        R - +9 executioner's axe (freeze)
rCold   + + .        X - +5 Storm Queen's Shield {shock, Fly rElec}
rNeg    + + .        W - +15 Maxwell's patent armour {-Cast -Tele rElec Will+ rCorr}
rPois   +            (helmet unavailable)
rElec   +            N - scarf {rC+ rF+}
rCorr   +            i - +0 pair of gloves of Zin's Scorn {Rampage Will+}
SInv    +            h - +2 pair of boots {Stlth+}
Will    +++++        Y - amulet of reflection Stlth
                     O - ring of protection from cold
HPRegen 0.61/turn    U - ring "Meysyw" {^Drain rF+ rN++ Dex+3}
MPRegen 0.24/turn

%: no spellcasting, reflection, rampage
@: flying
A: permanent stasis, dig shafts and tunnels, antennae 3, four strong arms,
clever 2, strong-willed 1, poison resistance, weak 1, wild magic 1
0: Orb of Zot
}: 6/15 runes: decaying, slimy, silver, icy, abyssal, gossamer
a: Dig, Shaft Self, Renounce Religion, Heroism, Finesse, Duel


You escaped.
You worshipped Okawaru.
Okawaru was exalted by your worship.
You visited 13 branches of the dungeon, and saw 61 of its levels.
You visited the Abyss 28 times.
You also visited: Gauntlet and Wizlab.

You collected 10890 gold pieces.
You spent 1479 gold pieces at shops.

Inventory:

Hand Weapons
 n - the +8 longbow "Zephyr" {speed, Dex+3 SInv}
   (You found it on level 5 of the Pits of Slime)

   Dex+3:     It affects your dexterity (+3).
   SInv:      It lets you see invisible.
 R - a +9 executioner's axe of freezing (weapon)
Missiles
 b - 30 boomerangs (quivered)
 f - 59 poisoned darts
 p - a dart of dispersal
 q - 32 javelins
 u - a throwing net
 y - 21 silver javelins
 L - 21 curare-tipped darts
Armour
 h - a +2 pair of boots of stealth (worn)
 i - the +0 pair of gloves of Zin's Scorn (worn) {Rampage Will+}
   (You acquired it on level 5 of the Dungeon)

   Will+:     It increases your willpower.
   Rampage:   It bestows one free step when moving towards enemies.
 N - a scarf of resistance (worn)
 W - the +15 Maxwell's patent armour (worn) {-Cast -Tele rElec Will+ rCorr}
   (Okawaru gifted it to you in a Gauntlet)

   rElec:     It insulates you from electricity.
   Will+:     It increases your willpower.
   -Cast:     It prevents spellcasting.
   -Tele:     It prevents most forms of teleportation.
   rCorr:     It protects you from acid and corrosion.
 X - the +5 Storm Queen's Shield (worn) {shock, Fly rElec}
   (You found it on level 5 of the Pits of Slime)

   Shock:     When it blocks an attack, it may electrocute the attacker.
   This works even against foes who are a short distance away.
   rElec:     It insulates you from electricity.
   Fly:       It grants you flight.
Jewellery
 x - a ring of fire
 F - a ring of willpower
 I - a ring of resist corrosion
 O - a ring of protection from cold (left hand)
 P - an amulet of regeneration
 Q - the ring of Puhag {Wiz rPois}
   (You found it on level 3 of the Elven Halls)

   [ring of wizardry]

   Wiz:       It improves your spell success rate.
   rPois:     It protects you from poison
 U - the ring "Meysyw" (right hand) {^Drain rF+ rN++ Dex+3}
   (You found it in a Gauntlet)

   [ring of protection from fire]

   Dex+3:     It affects your dexterity (+3).
   rF+:       It protects you from fire.
   rN++:      It greatly protects you from negative energy.
   ^Drain:    It drains your maximum health when unequipped.
 Y - an amulet of reflection (around neck)
Talismans
 V - the dragon-blood talisman of Sophism {Will+ SInv}
   (You found it on level 3 of the Realm of Zot)

   [dragon-blood talisman]

   Will+:     It increases your willpower.
   SInv:      It lets you see invisible.
Wands
 a - a wand of digging (36)
 r - a wand of light (24)
 B - a wand of iceblast (75)
 G - a wand of flame (81)
Scrolls
 d - a scroll of enchant weapon
 e - 7 scrolls of fog
 j - 14 scrolls of immolation
 k - 11 scrolls of vulnerability
 l - 26 scrolls of identify
 A - 3 scrolls of silence
 C - 14 scrolls of poison
 K - 8 scrolls of fear
 M - 3 scrolls of noise
 S - 5 scrolls of enchant armour
Potions
 c - 3 potions of ambrosia
 g - 9 potions of curing
 m - 6 potions of heal wounds
 s - 2 potions of resistance
 t - 6 potions of attraction
 w - 9 potions of enlightenment
 z - 11 potions of mutation
 E - 7 potions of might
 H - a potion of magic
 J - 5 potions of lignification
Miscellaneous
 o - the horn of Geryon
 D - a condenser vane
 T - a phial of floods
 Z - a lightning rod (4/4)


   Skills:
 O Level 27 Fighting
 - Level 24.0 Axes
 O Level 27 Throwing
 + Level 26.6 Armour
 + Level 22.1 Dodging
 - Level 3.0 Stealth
 + Level 26.5 Shields
 - Level 15.0 Invocations
 - Level 5.0 Evocations
 - Level 5.0 Shapeshifting


You had 26 spell levels left.
You didn't know any spells.
Your spell library contained the following spells:

 Spells                   Type           Power      Damage    Failure   Level
 Apportation              Tloc           0%         N/A       63%         1
 Kiss of Death            Conj/Necr      0%         2d5       63%         1
 Magic Dart               Conj           0%         1d3       63%         1
 Necrotise                Necr           0%         1d4       63%         1
 Slow                     Hex            0%         N/A       63%         1
 Sting                    Conj/Alch      0%         1d3       63%         1
 Cigotuvi's Dreadful Rot  Necr/Alch/Air  0%         N/A       75%         2
 Jinxbite                 Hex            0%         N/A       75%         2
 Lesser Beckoning         Tloc           0%         N/A       75%         2
 Momentum Strike          Conj/Tloc      0%         3d8       75%         2
 Searing Ray              Conj           0%         2d4       75%         2
 Sublimation of Blood     Necr           0%         N/A       75%         2
 Confusing Touch          Hex            0%         N/A       92%         3
 Dazzling Flash           Conj/Hex       0%         N/A       92%         3
 Gell's Gravitas          Tloc           0%         N/A       92%         3
 Inner Flame              Hex/Fire       0%         N/A       92%         3
 Mephitic Cloud           Conj/Alch/Air  0%         N/A       92%         3
 Ozocubu's Armour         Ice            0%         N/A       92%         3
 Sigil of Binding         Hex            0%         N/A       92%         3
 Stone Arrow              Conj/Erth      0%         3d7       92%         3
 Teleport Other           Tloc           0%         N/A       92%         3
 Vampiric Draining        Necr           0%         2d6       92%         3
 Volatile Blastmotes      Fire/Tloc      0%         2d10      92%         3
 Anguish                  Hex/Necr       0%         N/A       100%        4
 Brom's Barrelling Bould  Conj/Erth      0%         2d3       100%        4
 Cause Fear               Hex            0%         N/A       100%        4
 Dimensional Bullseye     Hex/Tloc       0%         N/A       100%        4
 Dispel Undead            Necr           0%         3d6       100%        4
 Flame Wave               Conj/Fire      0%         2d4       100%        4
 Fulminant Prism          Conj/Alch      0%         3d5       100%        4
 Iskenderun's Mystic Bla  Conj/Tloc      0%         2d3       100%        4
 Leda's Liquefaction      Alch/Erth      0%         N/A       100%        4
 Manifold Assault         Tloc           0%         N/A       100%        4
 Passage of Golubria      Tloc           0%         N/A       100%        4
 Sticky Flame             Fire/Alch      0%         2d4       100%        4
 Alistair's Intoxication  Alch           0%         N/A       100%        5
 Arcjolt                  Conj/Air       0%         1d10      100%        5
 Borgnjor's Vile Clutch   Necr/Erth      0%         N/A       100%        5
 Curse of Agony           Necr           0%         N/A       100%        5
 Fireball                 Conj/Fire      0%         3d3       100%        5
 Iskenderun's Battlesphe  Conj           0%         2d6       100%        5
 Lee's Rapid Deconstruct  Erth           0%         3d4*      100%        5
 Metabolic Englaciation   Hex/Ice        0%         N/A       100%        5
 Silence                  Hex/Air        0%         N/A       100%        5
 Yara's Violent Unravell  Hex/Alch       0%         3d3       100%        5
 Bombard                  Conj/Erth      0%         9d1       100%        6
 Conjure Ball Lightning   Conj/Air       0%         3x3d6     100%        6
 Dispersal                Tloc           0%         N/A       100%        6
 Eringya's Noxious Bog    Alch           0%         4d6       100%        6
 Plasma Beam              Fire/Air       0%         2x1d10    100%        6
 Starburst                Conj/Fire      0%         6d3       100%        6
 Enfeeble                 Hex            0%         N/A       100%        7
 Orb of Destruction       Conj           0%         9d5       100%        7
 Borgnjor's Revivificati  Necr           0%         N/A       100%        8
 Disjunction              Tloc           0%         N/A       100%        8
 Lehudib's Crystal Spear  Conj/Erth      0%         10d2      100%        8
 Maxwell's Capacitive Co  Air            0%         ∞         100%        8
 Chain Lightning          Conj/Air       0%         N/A       100%        9
 Death's Door             Necr           0%         N/A       100%        9
 Fire Storm               Conj/Fire      0%         5d1       100%        9
 Shatter                  Erth           0%         3d5*      100%        9
 Summon Small Mammal      Summ           Unusable   N/A       N/A         1
 Blink                    Tloc           Unusable   N/A       N/A         2
 Call Imp                 Summ           Unusable   N/A       N/A         2
 Call Canine Familiar     Summ           Unusable   N/A       N/A         3
 Tukima's Dance           Hex            Unusable   N/A       N/A         3
 Animate Armour           Summ/Erth      Unusable   N/A       N/A         4
 Animate Dead             Necr           Unusable   N/A       N/A         4
 Martyr's Knell           Necr/Summ      Unusable   N/A       N/A         4
 Vhi's Electric Charge    Tloc/Air       Unusable   N/A       N/A         4
 Death Channel            Necr           Unusable   N/A       N/A         6
 Sculpt Simulacrum        Ice/Alch       Unusable   N/A       N/A         6
 Haunt                    Necr/Summ      Unusable   N/A       N/A         7
 Malign Gateway           Summ/Tloc      Unusable   N/A       N/A         7
 Spellforged Servitor     Conj/Summ      Unusable   N/A       N/A         7
 Summon Hydra             Summ           Unusable   N/A       N/A         7

Dungeon Overview and Level Annotations

Branches:
Dungeon (15/15)            Temple (1/1) D:7            Lair (5/5) D:10
  Swamp (4/4) Lair:2       Spider (4/4) Lair:3        Slime (5/5) Lair:5
    Orc (2/2) D:11            Elf (3/3) Orc:2        Vaults (5/5) D:14
  Crypt (0/3) Vaults:3     Depths (4/4) D:15           Hell (visited)
    Dis (0/7) Hell            Geh (0/7) Hell            Coc (7/7) Hell
    Tar (0/7) Hell            Zot (5/5) Depths:4     WizLab (visited)
Gauntlet (visited)

Altars:
Ashenzari
Cheibriados
Dithmenos
Elyvilon
Fedhas
Gozag
Hepliaklqana
Kikubaaqudgha
Makhleb
Nemelex Xobeh
Okawaru
Qazlal
Ru
Sif Muna
Trog
Uskayaw
Vehumet
Wu Jian
Xom
Yredelemnul
Zin
The Shining One
Lugonu

Shops:
D:14 *   Orc:2 (*[=   Elf:1 *   Elf:2 ?   Vaults:1 *   Vaults:2 :   Vaults:3 [
Depths:3 **

Portals:
Hell: Lair:5 Depths:1 Depths:2 Depths:3 Depths:4
Abyss: Lair:4 Depths:1 Depths:3
Pandemonium: Depths:2
Ziggurat: Depths:2


Innate Abilities, Weirdness & Mutations

You cannot be hasted, slowed, berserked, paralysed or teleported.
You can dig through walls and to a lower floor.
You have a pair of large antennae on your head. (SInv)
Your four strong arms can wield two-handed weapons with a shield.
Your mind is very acute. (Int +8, Str/Dex -2)
You are strong-willed. (Will+)
Your system is resistant to poisons. (rPois)
You are weak. (Str -2)
Your spells are a little harder to cast, but a little more powerful.


Message History

[the floor.]
The rock shatters into small pieces.
Aiming: Dig
Press: ? - help, Shift-Dir - straight line You can't see that place. [a rock wall.]
The rock shatters into small pieces.
Aiming: Dig
Press: ? - help, Shift-Dir - straight line You can't see that place.
The rock shatters into small pieces.
There is a stone staircase leading up here.
You fly upwards.
There is a stone staircase leading down here.
There is a stone staircase leading up here.
You fly upwards.
There is a stone staircase leading down here.
There is a stone staircase leading up here.
You fly upwards.
There is a stone staircase leading down here.
Aiming: Dig
Press: ? - help, Shift-Dir - straight line You can't see that place. [the floor.]
The rock shatters into small pieces.
There is a stone staircase leading down here.
There is a stone staircase leading up here.
You fly upwards.
There is a stone staircase leading down here.
Aiming: Dig
Press: ? - help, Shift-Dir - straight line You can't see that place. [a rock wall.]
The rock shatters into small pieces.
There is a stone staircase leading up here.
You fly upwards.
There is a stone staircase leading down here.
There is an escape hatch in the floor here.
There is a staircase leading out of the dungeon here.
You have escaped!

# # #.........##............ #
### #.#.#.#.####...........# #
####.###...####.....####...
###########.###..#....##.........
.......####.#.#.####..##÷.###..##
......[#..##.#####....##..##...##
........####.###..##..##.÷##.#...
.......##∩##~~..###......÷.......
.......###..~~##@#....##.........
......##..###.####..).##.#.......
........#####.##.######..........
......######.#.##.......##..#####
........#..###.###.#######.##
###########.###.#.######...# ####
#...#.#.###....### ##
#####..#.###..)##
#.........#...##


There were no monsters in sight!

Vanquished Creatures
  Antaeus (Coc:7)
  the Royal Jelly (Slime:5)
  Dissolution (Slime:3)
  the Serpent of Hell (Coc:7)
  3 orbs of fire (Zot:5)
  2 dread liches (Abyss:5)
  3 ancient liches
  Mara (Depths:3)
  6 juggernauts
  8 Killer Klowns (Zot:5)
  23 shard shrikes
  Bai Suzhen (D:15)
  2 caustic shrikes
  Geryon (Hell)
  9 golden dragons
  2 curse toes
  5 profane servitors
  Nikola (Spider:4)
  A mutant beast (WizLab)
  17 bone dragons
  2 shard shrike zombies
  2 hellephants (Abyss:5)
  25 tentacled monstrosities
  Jorgrun (Orc:1)
  2 electric golems (Zot:5)
  14 Ice Fiends
  29 Orb Guardians
  17 liches
  A walking crystal tome (Depths:3)
  2 walking earthen tomes (Depths:3)
  4 deep elf blademasters (Elf:3)
  14 titans
  41 tentacled starspawn
  3 deep elf master archers
  6 sphinxes
  5 quicksilver dragons
  Murray (Lair:5)
  2 walking frostbound tomes
  27 acid blobs
  5 death cobs
  3 Executioners
  Frances (Elf:1)
  9 shadow dragons
  The ghost of Qyadack the Severer, an adept HOFi of Beogh (Spider:3)
  Agnes (D:14)
  Roxanne (Swamp:1)
  3 daevas
  Donald (Elf:1)
  3 thorn hunters
  13 storm dragons
  2 revenants
  2 fenstrider witches
  10 azure jellies
  10 rockslimes
  7 tengu reavers
  7 iron dragons
  7 deep elf sorcerers
  8 fire giants
  13 narguns
  4 protean progenitors (Zot:2)
  2 draconian scorchers
  4 draconian knights
  17 vault wardens
  6 deep elf elementalists
  4 draconian shifters
  5 emperor scorpions
  19 frost giants
  3 draconian monks
  7 balrugs
  5 ghost moths
  2 juggernaut zombies
  5 angels
  A draconian stormcaller (Zot:4)
  5 spriggan defenders (Depths:3)
  5 cacodemons
  7 shard shrike simulacra
  6 broodmothers
  An orc warlord (Orc:2)
  A draconian annihilator (Zot:4)
  13 reapers
  23 ironbound preservers
  5 ironbound thunderhulks
  2 caustic shrike skeletons (Abyss:4)
  11 quicksilver oozes
  23 stone giants
  46 very ugly things
  4 green draconians
  An ophan (Abyss:4)
  7 deep elf death magi
  4 formless jellyfish
  2 deep elf demonologists
  The ghost of Yore the Bringer of Light, a journeyman GrFi of the Shining One (Lair:4)
  5 lorocyprocas
  A juggernaut skeleton (Abyss:4)
  7 vampire knights
  4 eleionomae
  A red draconian (Zot:3)
  8 yellow draconians
  5 war gargoyles
  2 black draconians (Zot:4)
  A minotaur (Gauntlet)
  5 deep elf annihilators
  29 elemental wellsprings
  2 white draconians
  14 bunyips
  5 purple draconians
  15 dire elephants
  8 spark wasps
  11 wendigos
  20 ettins
  3 crystal guardians
  4 blizzard demons
  A merfolk javelineer (Depths:4)
  3 eidola
  16 fire dragons
  6 jiangshi
  19 yaktaur captains
  8 entropy weavers
  3 shambling mangroves
  Josephine (D:11)
  9 spriggan zombies
  6 deep elf high priests
  15 great orbs of eyes
  15 rakshasas
  31 vault guards
  A hell beast (Depths:1)
  12 caustic shrike simulacra
  A spriggan skeleton (Abyss:5)
  2 catoblepae
  2 peacekeepers (Vaults:2)
  22 hydras
  A jorogumo (Spider:1)
  5 spriggan air magi
  5 ghost crabs
  A death knight (D:15)
  11 radroaches
  13 alligators
  An anaconda (D:14)
  16 ice dragons
  6 juggernaut simulacra
  An ogre mage (Vaults:5)
  An anaconda (shapeshifter) (WizLab)
  14 ironbound frosthearts
  25 centaur warriors
  6 deep troll earth magi
  33 dancing weapons
  9 death yaks (Lair:4)
  A jorogumo (shapeshifter) (WizLab)
  4 tengu warriors
  11 deep troll shamans
  10 demonic crawlers
  17 hell hogs
  A sphinx skeleton (Vaults:1)
  4 holy swine (Abyss:3)
  5 orc high priests
  9 spriggan berserkers
  3 titan zombies
  6 two-headed ogres
  4 boulder beetles
  4 naga warriors
  98 thrashing horrors
  6 vampire magi
  16 sun demons
  2 occultists
  7 soul eaters
  13 hell knights
  20 deep elf knights
  25 wretched stars
  5 fire crabs
  A fire crab (shapeshifter) (Depths:3)
  4 shadow wraiths
  2 death drakes
  8 iron trolls
  3 skysharks
  6 skeletal warriors
  A pharaoh ant (Spider:1)
  A spectral spark wasp (Depths:1)
  3 skysharks (shapeshifter)
  9 goliath frogs
  5 quicksilver dragon simulacra
  An iron giant zombie (Abyss:4)
  3 golden dragon zombies (Hell)
  7 sixfirhies
  7 glowing orange brains
  2 mana vipers
  2 glowing orange brains (shapeshifter) (WizLab)
  A sea snake (Abyss:4)
  3 shadow demons (Abyss:4)
  80 deep trolls
  A spark wasp zombie (Hell)
  An orb spider (shapeshifter) (WizLab)
  2 anaconda zombies (Hell)
  8 spatial maelstroms
  3 mana vipers (shapeshifter)
  4 spriggan druids
  5 flayed ghosts
  3 orb spiders
  12 arcanists
  A swamp dragon (shapeshifter) (Depths:3)
  2 fenstrider witch simulacra (Coc:1)
  3 sun moths
  A shadow dragon zombie (Vaults:3)
  28 deep elf archers
  5 steelbarb worms
  A lindwurm (shapeshifter) (WizLab)
  8 spriggan simulacra
  9 lindwurms
  5 bog bodies
  11 swamp dragons
  An alligator zombie (Hell)
  An anaconda skeleton (Hell)
  2 oklob plants
  31 deep elf pyromancers
  4 phantasmal warriors
  2 sun moths (shapeshifter)
  17 ironbound convokers
  3 human zombies
  12 necromancers
  7 orc knights
  21 wolf spiders
  An ugly thing (shapeshifter) (Depths:3)
  3 orc sorcerers
  A faun (shapeshifter) (WizLab)
  23 deep elf zephyrmancers
  A shining eye (shapeshifter) (WizLab)
  78 ugly things
  A shadow dragon skeleton (Depths:1)
  124 starcursed masses
  A stone giant zombie (Vaults:3)
  13 moths of wrath
  A salamander (Abyss:5)
  6 cyclopes
  4 shining eyes
  An elephant (shapeshifter) (WizLab)
  5 manticores
  A frost giant zombie (Hell)
  103 large abominations
  2 cyclopes (shapeshifter) (WizLab)
  2 fauns (Zot:2)
  7 will-o-the-wisps
  A manticore (shapeshifter) (WizLab)
  9 meliai
  A fire giant skeleton (Vaults:4)
  3 human skeletons
  A moth of wrath (shapeshifter) (Depths:3)
  2 stone giant skeletons
  A rust devil (Abyss:4)
  2 water nymphs (shapeshifter)
  13 worldbinders
  14 vault sentinels
  5 eyes of devastation
  A frost giant skeleton (Vaults:3)
  A guardian serpent (shapeshifter) (WizLab)
  5 guardian serpents
  6 black mambas
  4 kobold blastminers (Orc:2)
  12 apocalypse crabs
  A water nymph (Abyss:4)
  5 eyes of devastation (shapeshifter)
  6 molten gargoyles
  5 elephants (Lair:3)
  8 torpor snails
  A torpor snail (shapeshifter) (WizLab)
  3 naga magi
  43 smoke demons
  3 titan simulacra
  12 cane toads
  A centaur skeleton (Hell)
  2 gargoyles
  5 kobold demonologists
  3 komodo dragons (Lair:1)
  10 orange demons
  2 storm dragon simulacra (Coc:1)
  An unseen horror (shapeshifter) (Elf:2)
  6 hellions
  A tengu conjurer (D:13)
  2 unseen horrors (Abyss:4)
  4 efreet
  8 rime drakes
  7 freezing wraiths
  44 yaktaurs
  36 ancient zymes
  A harpy zombie (Abyss:4)
  2 sea snake zombies (Hell)
  3 bunyip simulacra
  12 trolls
  4 anaconda simulacra
  A golden dragon simulacrum (Coc:7)
  A red devil (Depths:1)
  3 merfolk (shapeshifter)
  7 tormentors
  13 ice devils
  A silent spectre (Abyss:4)
  5 iron giant simulacra
  2 tyrant leeches (shapeshifter) (WizLab)
  3 bloated husks
  2 harpy skeletons
  A troll (shapeshifter) (D:13)
  6 hellwings
  27 tarantellas
  A polar bear (shapeshifter) (Elf:3)
  4 polar bears
  2 alligator simulacra (Coc:1)
  A dream sheep (shapeshifter) (WizLab)
  20 hornets
  A tarantella (shapeshifter) (WizLab)
  Grinder (D:3)
  93 raiju
  A stone giant simulacrum (Coc:3)
  9 tyrant leeches
  8 glass eyes
  2 iron dragon simulacra
  16 blink frogs
  4 dream sheep
  30 jumping spiders
  2 ettin zombies (Depths:1)
  Sigmund (D:6)
  A jumping spider (shapeshifter) (Vaults:5)
  2 centaur simulacra
  3 air elementals
  3 vampires
  18 culicivoras
  17 ynoxinuls
  16 spriggans
  37 yaks
  5 dire elephant simulacra
  An elf simulacrum (Vaults:4)
  64 slime creatures
  12 wraiths
  11 wyverns
  2 shadows
  7 fire elementals
  A basilisk (shapeshifter) (Abyss:4)
  2 humans (WizLab)
  20 water elementals
  A hog (shapeshifter) (D:14)
  28 neqoxecs
  4 wargs
  An elf skeleton (Vaults:1)
  4 golden eyes
  A steam dragon (D:9)
  An elf (WizLab)
  10 basilisks
  35 redbacks
  14 chaos spawn
  A sea snake simulacrum (Hell)
  Menkaure (D:5)
  An iron golem (WizLab)
  18 harpy simulacra
  14 vampire mosquitoes
  A minotaur simulacrum (Coc:1)
  7 spatial vortices
  4 acid dragons
  49 small abominations
  15 swamp worms
  7 nagas
  A swamp worm (shapeshifter) (WizLab)
  35 hell hounds
  12 water moccasins
  2 naga skeletons
  Duvessa (D:6)
  4 hydra simulacra
  2 glowing shapeshifter skeletons
  10 swamp drakes (Swamp:4)
  56 laughing skulls
  34 orc warriors
  5 black bears
  A sky beast (D:7)
  An ogre skeleton (Vaults:3)
  6 ogres
  8 ettin simulacra
  6 wolves
  A boggart (shapeshifter) (Depths:2)
  4 centaurs
  10 kobold brigands
  10 weeping skulls
  8 brain worms
  9 bullfrogs
  6 naga simulacra
  An earth elemental (Abyss:5)
  2 gnoll sergeants
  2 scorpions
  12 wights
  Dowan (D:6)
  12 killer bees
  4 howler monkeys
  3 electric eels
  5 lava snakes (Lair:4)
  5 crimson imps (Abyss:5)
  The ghost of Laraso the Magician, a weakling DEEE (D:3)
  11 jellies
  2 quasits
  A hound (D:5)
  19 orc priests
  Crazy Yiuf (D:3)
  2 iron imps (Abyss:4)
  A sleepcap (D:6)
  7 iguanas
  33 orc wizards
  11 hell rats (Lair:2)
  7 adders
  8 gnolls
  8 white imps
  2 ufetubi (Abyss:4)
  5 dart slugs
  104 orcs
  4 ball pythons
  8 endoplasms
  4 giant cockroaches
  3 goblins
  10 hobgoblins
  2 jackals (D:3)
  19 kobolds
  3 quokkas (D:1)
  9 bats
  10 frilled lizards
  A rat (D:1)
  2 aspiring fleshes (Zot:2)
  5 lurking horrors
  48 starspawn tentacles
3787 creatures vanquished.

Vanquished Creatures (others)
  A dread lich (Abyss:4)
  A Killer Klown (Zot:5)
  A shard shrike simulacrum (Coc:5)
  A wendigo (Coc:7)
  An eleionoma (Abyss:4)
  An alligator (Swamp:1)
  A juggernaut simulacrum (Coc:7)
  A hell hog (Hell)
  An occultist (Abyss:3)
  2 spriggans (Swamp:4)
  A quicksilver dragon simulacrum (Coc:5)
  2 wretched stars (Abyss:5)
  A deep elf pyromancer (Elf:3)
  A large abomination (Abyss:5)
  A smoke demon (Hell)
  An anaconda simulacrum (Coc:5)
  A bloated husk (Swamp:1)
  3 hornets (Swamp:4)
  4 raiju (Abyss:5)
  2 water elementals
  4 golden eyes (Abyss:4)
  A small abomination (Abyss:4)
  2 redbacks
  A harpy simulacrum (Coc:5)
  A swamp drake (Swamp:4)
  An ettin simulacrum (Coc:7)
  A laughing skull (Abyss:4)
  A crimson imp (Abyss:4)
  A quasit (Abyss:4)
  30 foxfires
  2 lurking horrors
  47 starspawn tentacles
120 creatures vanquished.

Grand Total: 3907 creatures vanquished

Notes
Turn   | Place    | Note
-------+----------+-------------------------------------------
     0 | D:1      | Bobbunny the Formicid Fighter began the quest for the Orb.
     0 | D:1      | Reached XP level 1. HP: 18/18 MP: 1/1
    18 | D:1      | Reached skill level 1 in Stealth
    18 | D:1      | Reached XP level 2. HP: 16/24 MP: 2/2
   223 | D:1      | Reached XP level 3. HP: 27/30 MP: 3/3
   255 | D:1      | Found a faded altar of an unknown god.
   571 | D:2      | Reached XP level 4. HP: 37/37 MP: 4/4
   933 | D:3      | Found a runed translucent door.
   933 | D:3      | Noticed Laraso's ghost (weakling DEEE)
   951 | D:3      | Noticed a water moccasin
   967 | D:3      | Reached XP level 5. HP: 21/43 MP: 5/5
   968 | D:3      | Killed a water moccasin
   969 | D:3      | Reached skill level 5 in Fighting
   969 | D:3      | Reached XP level 6. HP: 12/51 MP: 6/6
  1299 | D:3      | Found a runed translucent door.
  1300 | D:3      | Noticed Crazy Yiuf
  1439 | D:3      | Noticed Grinder
  1450 | D:3      | Killed Grinder
  1451 | D:3      | Reached XP level 7. HP: 28/58 MP: 7/7
  1784 | D:3      | Killed Laraso's ghost
  1785 | D:3      | Reached skill level 5 in Axes
  1837 | D:3      | Killed Crazy Yiuf
  2039 | D:4      | Identified the +4 rapier "Pighafyi" {spect, rF+ Will-
                  | Str+5}
  2862 | D:5      | Entered Level 5 of the Dungeon
  3241 | D:5      | Reached XP level 8. HP: 31/65 MP: 8/8
  3423 | D:5      | Noticed Menkaure
  3431 | D:5      | Killed Menkaure
  3813 | D:5      | Identified a scroll of acquirement
  3814 | D:5      | Acquired the +0 pair of gloves of Zin's Scorn {Rampage
                  | Will+}
  4362 | D:5      | Found a shadowy altar of Dithmenos.
  4369 | D:5      | Found a radiant altar of Vehumet.
  4565 | D:6      | Noticed Dowan
  4565 | D:6      | Noticed Duvessa
  4566 | D:6      | Killed Dowan
  4574 | D:6      | Killed Duvessa
  4710 | D:6      | Noticed Sigmund
  4741 | D:6      | Killed Sigmund
  4742 | D:6      | Reached skill level 1 in Throwing
  4742 | D:6      | Reached XP level 9. HP: 75/75 MP: 9/9
  4863 | D:6      | Reached skill level 1 in Evocations
  5463 | D:6      | Noticed a troll
  5470 | D:6      | Killed a troll
  6290 | D:7      | Reached XP level 10. HP: 71/83 MP: 10/10
  6404 | D:7      | Found a staircase to the Ecumenical Temple.
  6570 | Temple   | Entered the Ecumenical Temple
  6586 | Temple   | Became a worshipper of Warmaster Okawaru
  7143 | D:8      | Reached skill level 10 in Fighting
  7389 | D:8      | Reached skill level 5 in Evocations
  7445 | D:8      | Reached * piety under Okawaru
  7539 | D:8      | Reached skill level 5 in Throwing
  7610 | D:8      | Noticed a gargoyle
  7619 | D:8      | Killed a gargoyle
  8100 | D:9      | Reached ** piety under Okawaru
  8246 | D:9      | Reached skill level 1 in Invocations
  8316 | D:8      | Reached *** piety under Okawaru
  8324 | D:8      | Reached XP level 11. HP: 45/92 MP: 12/12
  8663 | D:9      | Reached skill level 10 in Axes
  8676 | D:9      | Reached **** piety under Okawaru
  8756 | D:9      | Found a sacrificial altar of Ru.
  9140 | D:9      | Found an ancient bone altar of Kikubaaqudgha.
  9285 | D:10     | Entered Level 10 of the Dungeon
  9310 | D:9      | Reached skill level 5 in Invocations
  9711 | D:10     | Found a staircase to the Lair.
  9768 | D:10     | Reached ***** piety under Okawaru
  9788 | D:10     | Noticed a two-headed ogre
  9803 | D:10     | Killed a two-headed ogre
 10341 | D:11     | Noticed a cyclops
 10494 | D:11     | Found a staircase to the Orcish Mines.
 10509 | D:11     | Received a gift from Okawaru
 10708 | D:11     | Noticed a boulder beetle
 10711 | D:11     | Killed a cyclops
 10712 | D:11     | Reached XP level 12. HP: 89/103 MP: 16/16
 10721 | D:10     | Killed a boulder beetle
 10793 | D:11     | Noticed a two-headed ogre
 10799 | D:11     | Killed a two-headed ogre
 11118 | D:11     | Noticed a two-headed ogre
 11128 | D:11     | Killed a two-headed ogre
 11128 | D:11     | Received a gift from Okawaru
 11149 | D:11     | Noticed Josephine
 11161 | D:11     | Killed Josephine
 11620 | Lair:1   | Entered Level 1 of the Lair of Beasts
 12121 | Lair:1   | Received a gift from Okawaru
 12929 | Lair:2   | Reached XP level 13. HP: 111/114 MP: 17/17
 13220 | Lair:2   | Received a gift from Okawaru
 13474 | Lair:2   | Reached skill level 1 in Dodging
 14190 | Lair:2   | Found a staircase to the Swamp.
 14686 | Lair:3   | Found a gate leading to a gauntlet.
 14703 | Lair:3   | Identified the +0 scale mail "Cyva" {rC+ Str+4}
 14710 | Lair:3   | Reached skill level 5 in Shields
 14777 | Gauntlet | Entered a Gauntlet
 14777 | Gauntlet | Found a transporter.
 14777 | Gauntlet | Found a transporter.
 14780 | Gauntlet | Found a transporter.
 14784 | Gauntlet | Found a transporter.
 14785 | Gauntlet | Found a large runed translucent door.
 14785 | Gauntlet | Found a transporter.
 14786 | Gauntlet | Found a large runed translucent door.
 14787 | Gauntlet | Found a large runed translucent door.
 14787 | Gauntlet | Found a large runed translucent door.
 14787 | Gauntlet | Found a runed translucent door.
 14788 | Gauntlet | Found a large runed translucent door.
 14791 | Gauntlet | Found a runed translucent door.
 14792 | Gauntlet | Found a large runed translucent door.
 14792 | Gauntlet | Found a large runed translucent door.
 14792 | Gauntlet | Found a large runed translucent door.
 14792 | Gauntlet | Found a large runed translucent door.
 14792 | Gauntlet | Found a large runed translucent door.
 14792 | Gauntlet | Noticed a great orb of eyes
 14793 | Gauntlet | Found a large runed translucent door.
 14793 | Gauntlet | Found a large runed translucent door.
 14794 | Gauntlet | Found a runed translucent gate.
 14794 | Gauntlet | Found a runed translucent gate.
 14796 | Gauntlet | Found a transporter.
 14805 | Gauntlet | Found a runed translucent gate.
 14805 | Gauntlet | Noticed a catoblepas
 14807 | Gauntlet | Found a large runed translucent door.
 14808 | Gauntlet | Found a large runed translucent door.
 14817 | Gauntlet | Found a transporter.
 14843 | Gauntlet | Found a large runed translucent door.
 15063 | Gauntlet | Identified the ring "Meysyw" {^Drain rF+ rN++ Dex+3}
 15078 | Gauntlet | Killed a great orb of eyes
 15078 | Gauntlet | Reached ****** piety under Okawaru
 15078 | Gauntlet | Received a gift from Okawaru
 15079 | Gauntlet | Acquired the +4 consecrated labrys {holy, Valiant ^Fragile
                  | Fly SInv}
 15079 | Gauntlet | Received a gift from Okawaru
 15079 | Gauntlet | Found the +4 consecrated labrys {holy, Valiant ^Fragile Fly
                  | SInv}
 15221 | Gauntlet | Acquired the +15 Maxwell's patent armour {-Cast -Tele rElec
                  | Will+ rCorr}
 15221 | Gauntlet | Received a gift from Okawaru
 15221 | Gauntlet | Found the +15 Maxwell's patent armour {-Cast -Tele rElec
                  | Will+ rCorr}
 15321 | Gauntlet | Identified the +10 mace "Ifyf" {drain, Str+2 Dex+3}
 15321 | Gauntlet | Noticed a minotaur
 15328 | Gauntlet | Killed a minotaur
 15457 | Gauntlet | Identified the +3 halberd of Puasches {venom, rC+ rN+ Int+4
                  | SInv}
 15534 | Lair:3   | Found a hole to the Spider Nest.
 15762 | Lair:3   | Identified the +0 ring mail of the Bulwark {Will++}
 15880 | Lair:3   | Reached skill level 5 in Armour
 15883 | Lair:3   | Reached skill level 15 in Fighting
 16444 | Lair:4   | Reached XP level 14. HP: 123/123 MP: 19/19
 16451 | Lair:4   | Received a gift from Okawaru
 16728 | Lair:4   | Found a transporter.
 16732 | Lair:4   | Found a one-way gate to the infinite horrors of the Abyss.
 16751 | Lair:4   | Found a transporter.
 16981 | Lair:4   | Received a gift from Okawaru
 17033 | Lair:4   | Noticed Yore's ghost (journeyman GrFi)
 17547 | Lair:5   | Entered Level 5 of the Lair of Beasts
 17560 | Lair:5   | Reached skill level 5 in Dodging
 17667 | Lair:5   | Found a staircase to the Slime Pits.
 17922 | Lair:5   | Noticed a dire elephant
 17939 | Lair:5   | Killed a dire elephant
 18022 | Lair:5   | Noticed a dire elephant
 18036 | Lair:5   | Killed a dire elephant
 18086 | Lair:5   | Received a gift from Okawaru
 18126 | Lair:5   | Found a burning altar of Makhleb.
 18165 | Lair:5   | Found a gateway to Hell.
 18165 | Lair:5   | Found the +8 demon trident "Rift" {distort, reach+}
 18786 | D:12     | Reached XP level 15. HP: 128/131 MP: 21/21
 19000 | D:12     | Received a gift from Okawaru
 19540 | D:13     | Reached skill level 15 in Axes
 20130 | D:13     | Received a gift from Okawaru
 20476 | D:14     | Noticed Agnes
 20483 | D:14     | Killed Agnes
 20572 | D:14     | Found Yxiann's Serpentskin Sales.
 20701 | D:14     | Identified the +0 plate armour of Fortitude {SInv}
 20970 | D:14     | Received a gift from Okawaru
 21121 | D:14     | Reached skill level 10 in Armour
 21171 | D:14     | Found a gate to the Vaults.
 21368 | D:14     | Reached XP level 16. HP: 135/141 MP: 22/22
 21700 | D:15     | Entered Level 15 of the Dungeon
 21792 | D:15     | Received a gift from Okawaru
 21990 | D:15     | Found a staircase to the Depths.
 22324 | D:15     | Found a hide-covered altar of Uskayaw.
 22823 | Orc:1    | Entered Level 1 of the Orcish Mines
 22823 | Orc:1    | Noticed Jorgrun
 22840 | Orc:1    | Killed Jorgrun
 23155 | Orc:2    | Entered Level 2 of the Orcish Mines
 23170 | Orc:2    | Found Ipaggoho's Antique Weapon Emporium.
 23307 | Orc:2    | Found Fuomye's General Store.
 23387 | Orc:2    | Found Noxyshou's Antique Armour Shop.
 23545 | Orc:2    | Received a gift from Okawaru
 23606 | Orc:2    | Found Qoutyduz's Jewellery Boutique.
 23790 | Orc:2    | Found a staircase to the Elven Halls.
 24196 | Spider:1 | Entered Level 1 of the Spider Nest
 24196 | Spider:1 | Noticed an emperor scorpion
 24209 | Spider:1 | Killed an emperor scorpion
 24219 | Spider:1 | Reached skill level 10 in Throwing
 24588 | Spider:1 | Received a gift from Okawaru
 24763 | Spider:1 | Reached XP level 17. HP: 65/147 MP: 16/23
 25304 | Spider:1 | Received a gift from Okawaru
 25790 | Spider:2 | Identified the staff of the Blowfly {rElec rPois Dex-4
                  | Hexes Alchemy}
 25969 | Spider:2 | Identified the +1 scale mail of the Realm of Zot {Rampage
                  | rPois rN+ Will++}
 26181 | Spider:2 | Received a gift from Okawaru
 26765 | Spider:3 | Found a runed translucent door.
 26765 | Spider:3 | Noticed Qyadack's ghost (adept HOFi)
 26805 | Spider:3 | Killed Qyadack's ghost
 26906 | Spider:4 | Entered Level 4 of the Spider Nest
 27060 | Spider:4 | Reached skill level 10 in Invocations
 27072 | Spider:4 | Received a gift from Okawaru
 27437 | Spider:4 | Identified the +3 pair of gloves of the Heavens {Harm rN+
                  | Dex-5}
 27437 | Spider:4 | Noticed Nikola
 27452 | Spider:4 | Killed Nikola
 27496 | Spider:4 | Reached XP level 18. HP: 146/158 MP: 25/25
 27842 | Spider:4 | Received a gift from Okawaru
 28649 | Spider:4 | Identified the +5 hat of Uxaebro {rPois rN+}
 28657 | Spider:4 | Identified the +0 hat "Ofu Ator" {rElec Str-5 Dex+7}
 28718 | Spider:4 | Got a gossamer rune of Zot
 29227 | Swamp:1  | Entered Level 1 of the Swamp
 29228 | Swamp:1  | Noticed Roxanne
 29324 | Swamp:1  | Killed Roxanne
 29444 | Swamp:1  | Received a gift from Okawaru
 29886 | Swamp:1  | Noticed a tentacled monstrosity
 29907 | Swamp:1  | Killed a tentacled monstrosity
 30651 | Swamp:2  | Received a gift from Okawaru
 30791 | Swamp:2  | Reached XP level 19. HP: 130/167 MP: 26/26
 31439 | Swamp:3  | Received a gift from Okawaru
 32018 | Swamp:4  | Entered Level 4 of the Swamp
 32449 | Swamp:4  | Reached skill level 10 in Shields
 32507 | Swamp:4  | Received a gift from Okawaru
 32792 | Swamp:4  | Reached skill level 10 in Dodging
 33080 | Swamp:4  | Acquired a manual of Dodging
 33084 | Swamp:4  | Acquired 934 gold pieces
 33269 | Swamp:4  | Received a gift from Okawaru
 33459 | Swamp:4  | Reached skill level 15 in Armour
 33498 | Swamp:4  | Got a decaying rune of Zot
 33961 | Vaults:1 | Entered Level 1 of the Vaults
 34089 | Vaults:1 | Reached XP level 20. HP: 157/176 MP: 24/27
 34202 | Vaults:1 | Received a gift from Okawaru
 34951 | Vaults:1 | Received a gift from Okawaru
 35065 | Vaults:1 | Found Addian's Assorted Antiques.
 35080 | Vaults:1 | Bought a potion of invisibility for 232 gold pieces
 35080 | Vaults:1 | Bought a potion of curing for 87 gold pieces
 35080 | Vaults:1 | Bought a potion of ambrosia for 232 gold pieces
 35379 | Vaults:1 | Bought a glowing cloak for 217 gold pieces
 35553 | Vaults:2 | Found Gysero's Book Boutique.
 35624 | Vaults:2 | Received a gift from Okawaru
 36037 | Vaults:2 | Reached XP level 21. HP: 179/186 MP: 28/28
 36178 | Vaults:2 | Received a gift from Okawaru
 36641 | Vaults:2 | HP: 3/187 [ironbound thunderhulk/bolt of lightning[a
                  | glowing orange brain] (20)]
 36642 | Arena    | Entered the Arena
 36871 | Vaults:2 | Reached skill level 15 in Dodging
 37267 | Vaults:2 | Received a gift from Okawaru
 37658 | Vaults:3 | Found a staircase to the Crypt.
 37997 | Vaults:3 | Received a gift from Okawaru
 38000 | Vaults:3 | Found Vibakaf's Armour Emporium.
 38480 | Vaults:3 | Reached skill level 15 in Throwing
 38484 | Vaults:3 | Reached XP level 22. HP: 163/196 MP: 29/29
 39748 | Vaults:4 | Received a gift from Okawaru
 40424 | Vaults:5 | Entered Level 5 of the Vaults
 40429 | Vaults:5 | Received a gift from Okawaru
 40534 | Vaults:5 | Noticed an ancient lich
 40564 | Vaults:5 | Noticed a golden dragon
 40582 | Vaults:4 | Killed an ancient lich
 40667 | Vaults:5 | Received a gift from Okawaru
 40668 | Vaults:5 | Reached XP level 23. HP: 133/207 MP: 25/30
 40676 | Vaults:5 | Killed a golden dragon
 41102 | Vaults:5 | Received a gift from Okawaru
 41394 | Vaults:5 | Identified the +8 quarterstaff "Odumanil" {drain, *Corrode
                  | +Blink Str+3 Int+5}
 41499 | Vaults:5 | Identified the +1 spear of Nemelex Xobeh, Glowing {freeze,
                  | Str+3 Int-2 Dex+2}
 41589 | Vaults:5 | Identified the ring "Wewn" {rC+ MP+9}
 42225 | Vaults:5 | Received a gift from Okawaru
 43247 | Vaults:5 | Identified the staff of the Omega Point {rElec rPois rN+
                  | Int+6 Alchemy}
 43257 | Vaults:5 | Got a silver rune of Zot
 43831 | Lair:4   | Killed Yore's ghost
 43962 | Slime:1  | Entered Level 1 of the Pits of Slime
 44063 | Slime:1  | Reached XP level 24. HP: 186/221 MP: 31/31
 44105 | Slime:2  | Gained mutation: Armour fits poorly on your strangely
                  | shaped body. [a shining eye]
 44118 | Slime:2  | Received a gift from Okawaru
 44214 | Slime:3  | Noticed Dissolution
 44227 | Slime:3  | Killed Dissolution
 44437 | Slime:5  | Entered Level 5 of the Pits of Slime
 44715 | Slime:5  | Noticed the Royal Jelly
 44725 | Slime:5  | Killed the Royal Jelly
 44725 | Slime:5  | Received a gift from Okawaru
 45200 | Slime:5  | Found the +5 Storm Queen's Shield {shock, Fly rElec}
 45220 | Slime:5  | Received a gift from Okawaru
 45333 | Slime:5  | Got a slimy rune of Zot
 45394 | Slime:5  | Found the +8 longbow "Zephyr" {speed, Dex+3 SInv}
 45404 | Slime:5  | Identified the orb of Resourcefulness {*channel, Dex+3}
 45445 | Slime:5  | Gained mutation: You have hidden genetic defects. [a
                  | shining eye]
 45447 | Slime:5  | Lost mutation: You have hidden genetic defects. [potion of
                  | mutation]
 45447 | Slime:5  | Lost mutation: Armour fits poorly on your strangely shaped
                  | body. [potion of mutation]
 45447 | Slime:5  | Gained mutation: You are partially covered in large bone
                  | plates. (SH +4) [potion of mutation]
 45482 | Slime:5  | Identified the +2 leather armour "Sipnaq" {+Inv rF- rCorr
                  | Stlth+}
 45487 | Slime:5  | Identified the staff of the Morning {rPois rC+ Necro Ice}
 46014 | Lair:4   | Voluntarily entered the Abyss.
 46042 | Abyss:2  | Found a corrupted altar of Lugonu.
 46128 | Abyss:2  | Found a corrupted altar of Lugonu.
 46277 | Abyss:3  | Found a corrupted altar of Lugonu.
 46437 | Arena    | Entered the Arena
 46528 | Abyss:3  | Received a gift from Okawaru
 46608 | Abyss:3  | Reached XP level 25. HP: 230/230 MP: 32/32
 46731 | Abyss:3  | Found a corrupted altar of Lugonu.
 46768 | Abyss:3  | Found a shimmering altar of Xom.
 46796 | Abyss:3  | Got an abyssal rune of Zot
 46970 | Abyss:4  | Found a corrupted altar of Lugonu.
 46976 | Lair:4   | Escaped the Abyss
 47249 | Elf:1    | Entered Level 1 of the Elven Halls
 47258 | Elf:1    | Found a huge runed translucent gate.
 47259 | Elf:1    | Found a huge runed translucent gate.
 47259 | Elf:1    | Found a huge runed translucent gate.
 47260 | Elf:1    | Found a huge runed translucent gate.
 47260 | Elf:1    | Found a huge runed translucent gate.
 47260 | Elf:1    | Found a huge runed translucent gate.
 47261 | Elf:1    | Found a huge runed translucent gate.
 47261 | Elf:1    | Found a huge runed translucent gate.
 47261 | Elf:1    | Found a huge runed translucent gate.
 47261 | Elf:1    | Found a huge runed translucent gate.
 47261 | Elf:1    | Found a huge runed translucent gate.
 47261 | Elf:1    | Found a huge runed translucent gate.
 47261 | Elf:1    | Found a huge runed translucent gate.
 47261 | Elf:1    | Found a huge runed translucent gate.
 47275 | Elf:1    | Found a huge runed translucent gate.
 47276 | Elf:1    | Found a huge runed translucent gate.
 47276 | Elf:1    | Found a huge runed translucent gate.
 47276 | Elf:1    | Found a huge runed translucent gate.
 47276 | Elf:1    | Found a huge runed translucent gate.
 47277 | Elf:1    | Found a huge runed translucent gate.
 47318 | Elf:1    | Received a gift from Okawaru
 47338 | Elf:1    | Noticed Donald
 47359 | Elf:1    | Killed Donald
 47515 | Elf:1    | Found an ancient bone altar of Kikubaaqudgha.
 47746 | Elf:1    | Noticed Frances
 47756 | Elf:1    | Killed Frances
 47939 | Elf:1    | Found Vanin's Assorted Antiques.
 47947 | Elf:1    | Bought a potion of curing for 60 gold pieces
 47957 | Elf:2    | Found Anonump's Magic Scroll Emporium.
 47993 | Elf:2    | Bought a scroll of fog for 56 gold pieces
 47993 | Elf:2    | Bought a scroll of fear for 56 gold pieces
 47993 | Elf:2    | Bought a scroll of fear for 56 gold pieces
 47993 | Elf:2    | Bought a scroll of fear for 56 gold pieces
 47993 | Elf:2    | Bought a scroll of enchant weapon for 105 gold pieces
 48034 | Elf:2    | Found a magical portal.
 48039 | WizLab   | Entered Cigotuvi's Fleshworks
 48190 | WizLab   | Received a gift from Okawaru
 48444 | WizLab   | Identified the maw talisman "Ojait" {rF+ Stlth+}
 48453 | WizLab   | Got Cigotuvi's Vademecum on Deathly Toxicology
 48689 | WizLab   | Gained mutation: Your health recovers twice as slowly from
                  | being drained. [a shining eye]
 48749 | WizLab   | Reached skill level 27 in Fighting
 48848 | WizLab   | Found the +4 Cigotuvi's embrace {Corpsefed rMiasma ^Drain
                  | rN+}
 49296 | Elf:2    | Reached skill level 1 in Shapeshifting
 49296 | Elf:2    | Reached XP level 26. HP: 224/230 MP: 32/32
 49471 | Elf:2    | Found a runed translucent gate.
 49472 | Elf:2    | Found a runed translucent gate.
 49476 | Elf:2    | Found a runed translucent gate.
 49480 | Elf:2    | Received a gift from Okawaru
 49838 | Elf:2    | Reached skill level 15 in Shields
 50240 | Elf:3    | Entered Level 3 of the Elven Halls
 50453 | Elf:3    | Found an ancient bone altar of Kikubaaqudgha.
 50716 | Elf:3    | Received a gift from Okawaru
 50770 | Elf:3    | Reached skill level 5 in Shapeshifting
 50938 | Elf:3    | Found the +3 crown of Dyrovepreva {rElec Int+2 SInv}
 50952 | Elf:3    | Got the Spellbook of the Fulgent Swarm
 50959 | Elf:3    | Identified the +7 sling of Fate {drain, Will+ Int+4 Dex+3}
 50977 | Elf:3    | Received a gift from Okawaru
 51240 | Elf:3    | Identified the staff of the Secret Defenders {*Slow rF+ rC+
                  | rN+ Will+ Fire}
 51249 | Elf:3    | Identified the ring of Puhag {Wiz rPois}
 51284 | Elf:3    | Identified the +0 ring mail "Huyhaida" {rPois Str+2 Int-3}
 51782 | Hell     | Entered the Vestibule of Hell
 51782 | Hell     | Noticed Geryon
 51828 | Hell     | Killed Geryon
 51896 | Hell     | Noticed Murray
 51986 | Lair:5   | Killed Murray
 51987 | Lair:5   | Reached XP level 27. HP: 65/249 MP: 27/32
 52130 | Lair:5   | Received a gift from Okawaru
 52254 | Hell     | Found a gateway to the decaying netherworld of Tartarus.
 52306 | Hell     | Found a gateway to the freezing wastes of Cocytus.
 52347 | Hell     | Found a gateway to the Iron City of Dis.
 52399 | Hell     | Found a gateway to the ashen valley of Gehenna.
 52507 | Coc:1    | Entered Level 1 of Cocytus
 52824 | Coc:2    | Noticed a shard shrike
 52824 | Coc:2    | Noticed a shard shrike
 52824 | Coc:2    | Noticed a shard shrike
 52832 | Coc:2    | Killed a shard shrike
 52837 | Coc:2    | Killed a shard shrike
 52837 | Coc:2    | Killed a shard shrike
 52990 | Coc:3    | Noticed a shard shrike
 52990 | Coc:3    | Noticed a shard shrike
 52990 | Coc:3    | Noticed a shard shrike
 52990 | Coc:3    | Noticed a shard shrike
 52990 | Coc:3    | Noticed a shard shrike
 52991 | Coc:3    | Noticed a shard shrike
 52991 | Coc:3    | Noticed a shard shrike
 52993 | Arena    | Entered the Arena
 53023 | Arena    | Entered the Arena
 53054 | Hell     | Killed a shard shrike
 53058 | Hell     | Killed a shard shrike
 53059 | Hell     | Killed a shard shrike
 53261 | Lair:4   | Voluntarily entered the Abyss.
 53261 | Abyss:4  | Found a corrupted altar of Lugonu.
 53317 | Abyss:4  | Gained mutation: Potions are less effective at restoring
                  | your health. [a neqoxec]
 53323 | Abyss:4  | Found a corrupted altar of Lugonu.
 53445 | Abyss:4  | Gained mutation: Your body sometimes deteriorates upon
                  | taking damage. [a neqoxec]
 53681 | Abyss:4  | Received a gift from Okawaru
 53738 | Lair:4   | Escaped the Abyss
 53880 | Hell     | Lost mutation: Your health recovers twice as slowly from
                  | being drained. [potion of mutation]
 53880 | Hell     | Lost mutation: Potions are less effective at restoring your
                  | health. [potion of mutation]
 53880 | Hell     | Gained mutation: You are vulnerable to heat. (rF-) [potion
                  | of mutation]
 53880 | Hell     | Gained mutation: Your body often deteriorates upon taking
                  | damage. [potion of mutation]
 53882 | Hell     | Lost mutation: You are vulnerable to heat. (rF-) [potion of
                  | mutation]
 53882 | Hell     | Lost mutation: You are partially covered in large bone
                  | plates. (SH +4) [potion of mutation]
 53882 | Hell     | Gained mutation: Your magical capacity is low. (-10% MP)
                  | [potion of mutation]
 53882 | Hell     | Gained mutation: You have hidden genetic potential. [potion
                  | of mutation]
 53996 | Hell     | Lost mutation: Your magical capacity is low. (-10% MP)
                  | [potion of mutation]
 53996 | Hell     | Lost mutation: You have hidden genetic potential. [potion
                  | of mutation]
 53996 | Hell     | Gained mutation: You are clumsy. (Dex -2) [potion of
                  | mutation]
 53996 | Hell     | Gained mutation: Your spells are a little harder to cast,
                  | but a little more powerful. [potion of mutation]
 53997 | Hell     | Lost mutation: Your body often deteriorates upon taking
                  | damage. [potion of mutation]
 53997 | Hell     | Lost mutation: Your spells are a little harder to cast, but
                  | a little more powerful. [potion of mutation]
 53997 | Hell     | Gained mutation: You have sharp fingernails. [potion of
                  | mutation]
 53998 | Hell     | Lost mutation: Your body sometimes deteriorates upon taking
                  | damage. [potion of mutation]
 53998 | Hell     | Lost mutation: You have sharp fingernails. [potion of
                  | mutation]
 53998 | Hell     | Gained mutation: You have sharp toenails. [potion of
                  | mutation]
 53998 | Hell     | Gained mutation: You are robust. (+10% HP) [potion of
                  | mutation]
 53998 | Hell     | Gained mutation: Armour fits poorly on your strangely
                  | shaped body. [potion of mutation]
 53999 | Hell     | Lost mutation: You have sharp toenails. [potion of
                  | mutation]
 53999 | Hell     | Lost mutation: You are clumsy. (Dex -2) [potion of
                  | mutation]
 53999 | Hell     | Lost mutation: You are robust. (+10% HP) [potion of
                  | mutation]
 53999 | Hell     | Gained mutation: Your mind is acute. (Int +4, Str/Dex -1)
                  | [potion of mutation]
 53999 | Hell     | Gained mutation: Your spells are a little harder to cast,
                  | but a little more powerful. [potion of mutation]
 53999 | Hell     | Gained mutation: Your mind is very acute. (Int +8, Str/Dex
                  | -2) [potion of mutation]
 54000 | Hell     | Lost mutation: Your mind is very acute. (Int +8, Str/Dex
                  | -2) [potion of mutation]
 54000 | Hell     | Lost mutation: Armour fits poorly on your strangely shaped
                  | body. [potion of mutation]
 54000 | Hell     | Lost mutation: Your spells are a little harder to cast, but
                  | a little more powerful. [potion of mutation]
 54000 | Hell     | Gained mutation: Your spells are a little harder to cast,
                  | but a little more powerful. [potion of mutation]
 54000 | Hell     | Gained mutation: Your system is resistant to poisons.
                  | (rPois) [potion of mutation]
 54000 | Hell     | Gained mutation: Your mind is very acute. (Int +8, Str/Dex
                  | -2) [potion of mutation]
 54000 | Hell     | Gained mutation: You are strong-willed. (Will+) [potion of
                  | mutation]
 54054 | Hell     | Killed a shard shrike
 54054 | Hell     | Killed a shard shrike
 54239 | Lair:4   | Voluntarily entered the Abyss.
 54389 | Abyss:4  | Found a corrupted altar of Lugonu.
 54484 | Abyss:4  | Found a corrupted altar of Lugonu.
 54496 | Abyss:4  | Found a corrupted altar of Lugonu.
 54695 | Abyss:4  | Received a gift from Okawaru
 54754 | Lair:4   | Escaped the Abyss
 55045 | Coc:3    | Killed a shard shrike
 55054 | Coc:3    | Killed a shard shrike
 55295 | Lair:4   | Voluntarily entered the Abyss.
 55351 | Abyss:4  | Found a corrupted altar of Lugonu.
 55373 | Abyss:4  | Found a corrupted altar of Lugonu.
 55565 | Lair:4   | Escaped the Abyss
 55656 | Lair:4   | Voluntarily entered the Abyss.
 55750 | Abyss:4  | Found a corrupted altar of Lugonu.
 55900 | Lair:4   | Escaped the Abyss
 56074 | Lair:4   | Voluntarily entered the Abyss.
 56084 | Abyss:4  | Found a corrupted altar of Lugonu.
 56103 | Abyss:4  | Received a gift from Okawaru
 56252 | Lair:4   | Escaped the Abyss
 56995 | Coc:5    | Reached skill level 15 in Invocations
 57229 | Coc:5    | Noticed a shard shrike
 57230 | Coc:5    | Noticed a shard shrike
 57231 | Coc:5    | Noticed a shard shrike
 57238 | Coc:5    | Killed a shard shrike
 57271 | Coc:5    | Noticed a shard shrike
 57283 | Coc:5    | Killed a shard shrike
 57294 | Coc:5    | Killed a shard shrike
 57298 | Coc:5    | Killed a shard shrike
 57412 | Coc:6    | Noticed a shard shrike
 57412 | Coc:6    | Noticed a shard shrike
 57631 | Lair:4   | Voluntarily entered the Abyss.
 57782 | Abyss:4  | Noticed a dread lich
 57786 | Abyss:4  | Killed a dread lich
 57872 | Abyss:4  | Found a corrupted altar of Lugonu.
 57945 | Abyss:4  | Received a gift from Okawaru
 58003 | Lair:4   | Escaped the Abyss
 58335 | Lair:4   | Voluntarily entered the Abyss.
 58336 | Abyss:4  | Found a corrupted altar of Lugonu.
 58384 | Abyss:4  | Found a corrupted altar of Lugonu.
 58531 | Abyss:4  | Found a corrupted altar of Lugonu.
 58564 | Lair:4   | Escaped the Abyss
 58662 | Lair:4   | Voluntarily entered the Abyss.
 58768 | Abyss:4  | Found an opulent altar of Gozag.
 58877 | Abyss:4  | Received a gift from Okawaru
 58881 | Lair:4   | Escaped the Abyss
 59031 | Lair:4   | Voluntarily entered the Abyss.
 59079 | Abyss:4  | Found a corrupted altar of Lugonu.
 59134 | Lair:4   | Escaped the Abyss
 59404 | Lair:4   | Voluntarily entered the Abyss.
 59404 | Abyss:4  | Found a corrupted altar of Lugonu.
 59559 | Lair:4   | Escaped the Abyss
 59625 | Lair:4   | Voluntarily entered the Abyss.
 59717 | Lair:4   | Escaped the Abyss
 59847 | Lair:4   | Voluntarily entered the Abyss.
 60194 | Abyss:4  | Received a gift from Okawaru
 60197 | Lair:4   | Escaped the Abyss
 60472 | Coc:6    | Noticed a shard shrike
 60473 | Arena    | Entered the Arena
 60475 | Arena    | Killed a shard shrike
 60495 | Coc:6    | Noticed a shard shrike
 60501 | Hell     | Killed a shard shrike
 60615 | Lair:4   | Voluntarily entered the Abyss.
 60619 | Abyss:4  | Found a corrupted altar of Lugonu.
 60656 | Abyss:4  | Found a bloodstained altar of Trog.
 60961 | Lair:4   | Escaped the Abyss
 61369 | Lair:4   | Voluntarily entered the Abyss.
 61435 | Lair:4   | Escaped the Abyss
 61542 | Lair:4   | Voluntarily entered the Abyss.
 61589 | Abyss:5  | Received a gift from Okawaru
 61609 | Lair:4   | Escaped the Abyss
 61675 | Lair:4   | Voluntarily entered the Abyss.
 61680 | Abyss:5  | Found a corrupted altar of Lugonu.
 61889 | Lair:4   | Escaped the Abyss
 62206 | Lair:4   | Voluntarily entered the Abyss.
 62207 | Abyss:5  | Found a corrupted altar of Lugonu.
 62268 | Abyss:5  | Found a corrupted altar of Lugonu.
 62412 | Abyss:5  | Received a gift from Okawaru
 62498 | Abyss:5  | Found a corrupted altar of Lugonu.
 62699 | Abyss:5  | Found a corrupted altar of Lugonu.
 62830 | Lair:4   | Escaped the Abyss
 63024 | Lair:4   | Voluntarily entered the Abyss.
 63025 | Abyss:5  | Found a corrupted altar of Lugonu.
 63038 | Abyss:5  | Gained mutation: You are weak. (Str -2) [a cacodemon]
 63054 | Abyss:5  | Received a gift from Okawaru
 63067 | Lair:4   | Escaped the Abyss
 63399 | Lair:4   | Voluntarily entered the Abyss.
 63399 | Abyss:5  | Found a corrupted altar of Lugonu.
 63624 | Lair:4   | Escaped the Abyss
 63741 | Lair:4   | Voluntarily entered the Abyss.
 63856 | Abyss:5  | Received a gift from Okawaru
 63891 | Lair:4   | Escaped the Abyss
 64282 | Lair:4   | Voluntarily entered the Abyss.
 64288 | Abyss:5  | Found a corrupted altar of Lugonu.
 64305 | Abyss:5  | Noticed a dread lich
 64312 | Abyss:5  | Killed a dread lich
 64334 | Lair:4   | Escaped the Abyss
 64343 | Lair:4   | Voluntarily entered the Abyss.
 64404 | Abyss:5  | Noticed an ancient lich
 64408 | Abyss:5  | Noticed a dread lich
 64414 | Abyss:5  | Killed an ancient lich
 64420 | Abyss:5  | Killed a dread lich
 64464 | Abyss:5  | Received a gift from Okawaru
 64475 | Lair:4   | Escaped the Abyss
 64685 | Lair:4   | Voluntarily entered the Abyss.
 64779 | Lair:4   | Escaped the Abyss
 65072 | Lair:4   | Voluntarily entered the Abyss.
 65087 | Abyss:5  | Found a corrupted altar of Lugonu.
 65236 | Lair:4   | Escaped the Abyss
 65315 | Lair:4   | Voluntarily entered the Abyss.
 65538 | Abyss:5  | Received a gift from Okawaru
 65564 | Lair:4   | Escaped the Abyss
 65802 | Arena    | Entered the Arena
 65807 | Arena    | Killed a shard shrike
 65977 | Lair:4   | Voluntarily entered the Abyss.
 65977 | Abyss:5  | Found a corrupted altar of Lugonu.
 65994 | Abyss:5  | Found a corrupted altar of Lugonu.
 66019 | Abyss:5  | Found a corrupted altar of Lugonu.
 66056 | Abyss:5  | Found a corrupted altar of Lugonu.
 66158 | Abyss:5  | Found a corrupted altar of Lugonu.
 66159 | Abyss:5  | Found a corrupted altar of Lugonu.
 66167 | Abyss:5  | Received a gift from Okawaru
 66189 | Lair:4   | Escaped the Abyss
 66294 | Lair:4   | Voluntarily entered the Abyss.
 66354 | Lair:4   | Escaped the Abyss
 66576 | Coc:6    | Killed a shard shrike
 66781 | Coc:7    | Entered Level 7 of Cocytus
 67809 | Coc:7    | Noticed a shard shrike
 67824 | Coc:7    | Killed a shard shrike
 67824 | Coc:7    | Received a gift from Okawaru
 68047 | Coc:7    | Noticed a shard shrike
 68059 | Coc:7    | Killed a shard shrike
 68210 | Coc:7    | Noticed a shard shrike
 68229 | Coc:7    | Killed a shard shrike
 68299 | Coc:7    | Noticed a shard shrike
 68310 | Coc:7    | Killed a shard shrike
 68354 | Coc:7    | Noticed a shard shrike
 68363 | Coc:7    | Killed a shard shrike
 69044 | Coc:7    | Noticed the Serpent of Hell
 69068 | Coc:7    | Killed the Serpent of Hell
 69293 | Coc:7    | Received a gift from Okawaru
 70739 | Coc:7    | Received a gift from Okawaru
 71300 | Coc:7    | Identified the +7 flail of Arrival {heavy, Int+4}
 71300 | Coc:7    | Noticed Antaeus
 71345 | Coc:7    | Killed Antaeus
 71355 | Coc:7    | Got an icy rune of Zot
 71370 | Coc:7    | Identified the staff "Kowkoin" {rElec rPois rF+ rC++ Stlth-
                  | Fire}
 71863 | Depths:1 | Entered Level 1 of the Depths
 71891 | Depths:1 | Noticed Bai Suzhen
 71922 | D:15     | Killed Bai Suzhen
 72602 | Depths:1 | Found a corrupted altar of Lugonu.
 72920 | Depths:1 | Found a radiant altar of Vehumet.
 73238 | Depths:1 | Received a gift from Okawaru
 73391 | Depths:2 | Found a broken altar of Ashenzari.
 73641 | Depths:2 | Found a one-way gate leading to the halls of Pandemonium.
 73887 | Depths:2 | Found a one-way gateway to a ziggurat.
 74200 | Depths:2 | Found a burning altar of Makhleb.
 74270 | Depths:2 | Found a runed translucent door.
 74270 | Depths:2 | Noticed a juggernaut
 74271 | Depths:2 | Found a runed translucent door.
 74272 | Depths:2 | Found a runed translucent door.
 74299 | Depths:2 | Killed a juggernaut
 74426 | Depths:2 | Noticed a juggernaut
 74440 | Depths:2 | Received a gift from Okawaru
 74449 | Depths:2 | Killed a juggernaut
 74472 | Depths:2 | Identified the +0 plate armour "Ihomuh" {rPois Str+5 Dex+3}
 74911 | Depths:3 | Noticed a juggernaut
 74933 | Depths:3 | Killed a juggernaut
 74942 | Depths:3 | Noticed a juggernaut
 74965 | Depths:3 | Killed a juggernaut
 74977 | Depths:3 | Noticed a juggernaut
 74979 | Depths:3 | Received a gift from Okawaru
 74996 | Depths:3 | Noticed Mara
 75000 | Depths:3 | Killed a juggernaut
 75001 | Depths:3 | Noticed Bobbunny's illusion
 75051 | Depths:3 | Noticed Bobbunny's illusion
 75053 | Depths:3 | Killed Mara
 75826 | Depths:3 | Noticed a juggernaut
 75839 | Depths:3 | Killed a juggernaut
 76258 | Depths:3 | Reached skill level 27 in Throwing
 76278 | Depths:3 | Received a gift from Okawaru
 77320 | Depths:3 | Identified the +11 hand axe "Sig Ymol" {freeze, Dex+4}
 77447 | Depths:3 | Found Xeiklig's General Store.
 77448 | Depths:3 | Found Vetuant's Specific Store.
 77456 | Depths:3 | Bought a scroll of fog for 52 gold pieces
 77456 | Depths:3 | Bought a potion of might for 52 gold pieces
 77456 | Depths:3 | Bought a wand of light (4) for 218 gold pieces
 77719 | Depths:4 | Entered Level 4 of the Depths
 77824 | Depths:4 | Received a gift from Okawaru
 78562 | Depths:4 | Found a gate to the Realm of Zot.
 78748 | Zot:1    | Entered Level 1 of the Realm of Zot
 78879 | Zot:2    | Received a gift from Okawaru
 79372 | Zot:3    | Identified the dragon-blood talisman of Sophism {Will+
                  | SInv}
 80049 | Zot:4    | Received a gift from Okawaru
 80260 | Zot:5    | Entered Level 5 of the Realm of Zot
 80849 | Zot:5    | Received a gift from Okawaru
 80853 | Zot:5    | Noticed an ancient lich
 80858 | Zot:5    | Killed an ancient lich
 80858 | Zot:5    | Noticed an orb of fire
 80862 | Zot:5    | Killed an orb of fire
 80862 | Zot:5    | Noticed an orb of fire
 80867 | Zot:5    | Noticed a Killer Klown
 80871 | Zot:5    | Killed an orb of fire
 80875 | Zot:5    | Noticed an orb of fire
 80880 | Zot:5    | Killed a Killer Klown
 80880 | Zot:5    | Killed an orb of fire
 80881 | Zot:5    | Noticed a Killer Klown
 80882 | Zot:5    | Noticed a Killer Klown
 80896 | Zot:5    | Killed a Killer Klown
 80896 | Zot:5    | Noticed a Killer Klown
 80903 | Zot:5    | Noticed a Killer Klown
 80905 | Zot:5    | Killed a Killer Klown
 80910 | Zot:5    | Killed a Killer Klown
 80935 | Zot:5    | Noticed a Killer Klown
 80938 | Zot:5    | Noticed a Killer Klown
 80942 | Zot:5    | Killed a Killer Klown
 80951 | Zot:5    | Noticed a Killer Klown
 80957 | Zot:5    | Noticed a Killer Klown
 80959 | Zot:5    | Killed a Killer Klown
 80964 | Zot:5    | Killed a Killer Klown
 80964 | Zot:5    | Killed a Killer Klown
 80980 | Zot:5    | Killed a Killer Klown
 81219 | Zot:5    | Received a gift from Okawaru
 82006 | Zot:5    | Got the Orb of Zot
 82303 | D:15     | Received a gift from Okawaru
 82574 | D:$      | Escaped with the Orb!

Illustrated notes

Levels and vault maps discovered:
D:1:      spicycebolla_green_bress_n_ham_2, layout_rooms,
          hellmonk_ecumenical_altar_zigzags
D:2:      layout_rooms
D:3:      layout_loops_ring, hellmonk_ghost_happy_afterlife,
          minmay_misc_feat_columns, minmay_lizard_king, uniq_grinder,
          uniq_crazy_yiuf_cottage
D:4:      layout_basic
D:5:      layout_basic, mainiacjoe_overflow_big_doors,
          serial_library_regret_index_small_wings, uniq_menkaure
D:6:      nicolae_BIG_FREAKIN_CUBE, layout_loops_ring, kennysheep_potato,
          uniq_sigmund, uniq_duvessa
D:7:      layout_gridville, lemuel_temple_firewalk_b, eino_jars
D:8:      layout_basic
D:9:      layout_basic, nicolae_ru_awakened_eye, kiku_gazebo_garden_becter
D:10:     layout_rooms, minmay_lair_entry_grove, serial_aquarium,
          aquarium_bridge_square [aquarium_subvault_wall,
          aquarium_subvault_bridge, aquarium_subvault_bridge,
          aquarium_subvault_bridge], aquarium_window_3, aquarium_window_1,
          aquarium_window_fake, aquarium_view_4, aquarium_view_2b
D:11:     layout_rooms, david_orc_2, uniq_josephine
D:12:     kennysheep_ambush_hall, layout_basic
D:13:     layout_roguey
D:14:     layout_basic, david_vaults_5, guppyfry_shop_venom, uniq_agnes
D:15:     grunt_enter_depths_giant_problem, layout_cave_pods,
          nicolae_uskayaw_en_pointe, minmay_microvault
Temple:   regret_index_temple_mists
Lair:1:   layout_regular_city, infiniplex_staircase_pool_2
Lair:2:   layout_cave_shapes, nicolae_swamp_entry_splash_gauntlet,
          grunt_megastairs_1
Lair:3:   gammafunk_indiana_jones, layout_chaotic_city, dummy_spider_entry,
          gauntlet_entry_generic, pdpol_lair_cavern_descent
Lair:4:   cheibrodos_magma_flow, layout_cave_pods,
          gammafunk_ghost_abyssal_escape
Lair:5:   evil_forest, layout_loops_ring, nicolae_slime_entry_slimehenge,
          grunt_megastairs_4
Swamp:1:  cheibrodos_swamp_monstrosity, layout_basic_swamp,
          evilmike_swamp_ruin_house_2, nicolae_swamp_decorative_isthmus,
          infiniplex_staircase_pool, uniq_roxanne
Swamp:2:  nzn_winding_woodlands_medium [nzn_winding_woodlands_5x5_cross,
          nzn_winding_woodlands_5x15_pathside_ponds,
          nzn_winding_woodlands_5x5_open_star,
          nzn_winding_woodlands_5x5_default,
          nzn_winding_woodlands_center_triple_pond,
          nzn_winding_woodlands_5x5_three,
          nzn_winding_woodlands_5x5_closed_star,
          nzn_winding_woodlands_5x15_garden, nzn_winding_woodlands_hourglass],
          layout_falls_marsh, nicolae_swamp_fairy_circle
Swamp:3:  layout_basic_swamp, hangedman_swamp_cone
Swamp:4:  swamp, layout_basic_swamp, swamp_pool_4
Spider:1: layout_spider_delve, nicolae_spider_wall_of_niches
Spider:2: nicolae_spider_mines_3
Spider:3: layout_spider_delve, ebering_ghost_inner_flame
Spider:4: grunt_spider_rune_parallel, drop_trap, nicolae_spider_stair_cavern,
          uniq_nikola
Slime:1:  layout_caves, cheibrodos_slime_lost_civilization_6
Slime:2:  layout_caves
Slime:3:  layout_caves, dissolution_awaits
Slime:4:  layout_caves
Slime:5:  slime_pit_nicolae_trefoil
Orc:1:    layout_caves, uniq_jorgrun
Orc:2:    grunt_orc_gardens, layout_diamond_mine, grunt_orc_garden,
          grunt_orc_garden, grunt_orc_garden, grunt_orc_garden
Elf:1:    layout_rooms, serial_shops, shop, basic_altar,
          hangedman_elf_represent, minmay_misc_feat_five, uniq_donald,
          uniq_frances
Elf:2:    nicolae_elf_blades_splatter_lattice [nicolae_blade_lattice],
          layout_gridlike, serial_shops, shop_fountains, mu_enter_wizlab_1,
          nicolae_twisty_statue_hallways
Elf:3:    minmay_elf_hall_quartered_circle, layout_loops_cross, basic_altar
Vaults:1: nicolae_vaults_trapezoid_lopsided_1,
          nicolae_vaults_trapezoid_lopsided_2, ontoclasm_vaults_chip,
          nicolae_vaults_diamond_2, vaults_mumra_chevron_long,
          nicolae_vaults_ninety_degrees, nicolae_vaults_house_3,
          nicolae_vaults_closet_pinwheel_4, v_misc_12, v_misc_3, v_misc_18,
          nicolae_vaults_little_ls, vaults_dpeg_ring, layout_vaults_omnicross,
          serial_shops, nicolae_lakefront_shop
Vaults:2: nicolae_vaults_big_ls, hangedman_vaults_corner_blocks,
          nicolae_vaults_hexular_roomagon, vaults_mumra_minichess,
          nicolae_vaults_thirteen_compartments,
          nicolae_vaults_storage_room_glass,
          nicolae_vaults_doubleplus_tesselated, v_misc_29, ontoclasm_vaults_eye,
          hangedman_vaults_slice, nicolae_vaults_tetromino_T_2,
          vaults_dpeg_emergency_exit, layout_vaults_ring, serial_shops, shop
Vaults:3: nicolae_vaults_trapezoid_2, v_rooms_2, v_misc_9,
          nicolae_vaults_house_3, minmay_crypt_entry_simple_round, v_misc_12,
          ontoclasm_vaults_spin, vaults_room_ringed_pool,
          nicolae_vaults_taking_the_gang_shopping,
          nicolae_vaults_little_squares_5, layout_vaults_omnigrid
Vaults:4: nicolae_vaults_what_the_h, vaults_dpeg_encased_lava,
          nicolae_vaults_asterisk, v_misc_27, layout_vaults_chaotic_city
Vaults:5: serial_shops
Depths:1: layout_basic, abyss_entry_flame_altar, fiery_altar_vehumet,
          grunt_mini_vestibule, minmay_crystal_water, drop_trap,
          minmay_misc_feat_tower, hangedman_decor_push, minmay_alternating_orb,
          uniq_bai_suzhen
Depths:2: minmay_the_grid_triangle_9x9_rhombus_full
          [minmay_the_grid_triangle_9x9_shrine,
          minmay_the_grid_triangle_9x9_intruding_spiral,
          minmay_the_grid_triangle_9x9_warning,
          minmay_the_grid_triangle_9x9_thin_v,
          minmay_the_grid_triangle_9x9_fully_insulated_deathbox,
          minmay_the_grid_triangle_9x9_wacky_v,
          minmay_the_grid_triangle_9x9_limited_checkers,
          minmay_the_grid_triangle_9x9_prize_center], layout_honeycomb,
          enter_ziggurat_e, pan_entry, ashenzari_altar_1, hangedman_geh_valley,
          infiniplex_staircase_spiral
Depths:3: minmay_octagon_city, layout_honeycomb, grunt_hell_entry_dis_grunt,
          nicolae_eternal_life, abyss_entry, nicolae_specific_store, uniq_mara
Depths:4: evilmike_zot_entry_basic, layout_cave_shapes, serial_bayou,
          serial_bayou_lagoon_a, serial_bayou_pond_a, serial_bayou_pond_a,
          serial_bayou_pond_a, serial_bayou_lake_a, serial_bayou_shore_b,
          serial_bayou_pond_d, hell_entry
Hell
Coc:1:    layout_ice_bergs
Coc:2:    layout_cocytus_water_paths
Coc:3:    layout_cocytus_water_paths, serial_ice
Coc:4:    layout_cocytus_delve
Coc:5:    layout_ice_bergs
Coc:6:    layout_cocytus_water_paths
Coc:7:    coc_old
Zot:1:    layout_concentric_octagons, uniq_josephina
Zot:2:    layout_gridlike, hangedman_zot_decor_slant
Zot:3:    layout_misc_corridors, ebering_ghost_xom
Zot:4:    layout_basic
Zot:5:    layout_basic, grunt_ministairs_3, nicolae_zig_zag_zippers

Skill      XL: |  1  2  3  4  5  6  7  8  9 10 11 12 13 14 15 16 17 18 19 20 21 22 23 24 25 26 27 |
---------------+----------------------------------------------------------------------------------+-----
Stealth        | 1 2 3 |  3.0
Fighting       | 4 5 6 8 9 10 12 14 15 16 17 18 19 20 21 22 23 25 26 27 | 27.0
Axes           | 3 4 5 7 8 9 11 13 14 15 16 17 18 19 20 24 | 24.0
Throwing       | 1 3 6 8 10 11 13 15 16 27 | 27.0
Evocations     | 3 5 |  5.0
Invocations    | 2 6 7 8 10 11 12 15 | 15.0
Dodging        | 3 6 8 9 11 13 15 16 22 | 22.1
Armour         | 5 8 10 11 13 14 15 16 17 19 26 | 26.6
Shields        | 6 9 10 12 14 16 26 | 26.5
Shapeshifting  | 1 5 |  5.0

Action                     |  1- 3 |  4- 6 |  7- 9 | 10-12 | 13-15 | 16-18 | 19-21 | 22-24 | 25-27 || total
---------------------------+-------+-------+-------+-------+-------+-------+-------+-------+-------++-------
  Melee: War axe           |    65 |    91 |   114 |       |       |       |       |       |       ||   270
         Hand axe          |       |       |   224 |    60 |       |       |       |       |       ||   284
         Battleaxe         |       |       |       |   386 |   109 |       |       |       |       ||   495
         Labrys            |       |       |       |       |   697 |  1287 |  1218 |  1239 |  5242 ||  9683
         Executioner's axe |       |       |       |       |       |       |       |       |   609 ||   609
  Throw: Javelin           |       |     2 |     1 |       |       |    21 |    20 |    64 |   114 ||   222
         Dart              |       |       |     1 |    13 |     1 |       |     3 |     3 |    12 ||    33
         Boomerang         |       |       |       |     4 |    21 |   150 |    76 |    51 |   272 ||   574
 Invoke: Heroism           |       |       |       |     2 |     3 |     5 |     3 |     3 |     6 ||    22
         Finesse           |       |       |       |       |     3 |    10 |     5 |    11 |    28 ||    57
         Receive Weapon    |       |       |       |       |     1 |       |       |       |       ||     1
         Receive Armour    |       |       |       |       |     1 |       |       |       |       ||     1
         Duel              |       |       |       |       |       |       |     1 |     1 |     7 ||     9
Ability: Dig               |       |       |       |       |       |       |       |       |     9 ||     9
  Evoke: Phial of floods   |       |       |       |       |       |     1 |       |       |       ||     1
         Wand              |       |       |       |       |       |       |       |       |    31 ||    31
    Use: Potion            |       |     1 |     3 |       |       |     1 |     3 |     6 |    31 ||    45
         Scroll            |       |     1 |    11 |     6 |     9 |     6 |     2 |     4 |    17 ||    56
   Stab: Sleeping          |       |       |       |     5 |       |       |       |       |       ||     5
         Invisible         |       |       |       |       |       |       |       |       |     6 ||     6
         Distracted        |       |       |       |       |       |       |       |       |     1 ||     1
 Armour: Scale mail        |    45 |    65 |   186 |       |       |       |       |       |       ||   296
         Chain mail        |       |       |    77 |     8 |       |       |       |       |       ||    85
         Acid dragon scale |       |       |       |   385 |    96 |       |       |       |       ||   481
         Plate armour      |       |       |       |     9 |   600 |  1206 |  1100 |   782 |  2491 ||  6188
  Dodge: Dodged            |    27 |    47 |   138 |   193 |   256 |   526 |   554 |   404 |  1477 ||  3622
  Block: Buckler           |    17 |    28 |    85 |   118 |   156 |   275 |   217 |       |       ||   896
         Kite shield       |       |       |       |       |       |       |   218 |   564 |  4372 ||  5154
         Reflection        |       |       |       |       |       |       |       |       |    16 ||    16
